 Dungeon Crawl Stone Soup version 0.32-a0-120-gfac0567ad4 (webtiles) character file.

Game seed: 12240304765075040793

9 Esekla the Sneak (level 2, 21/21 HPs)
             Began as an Octopode Delver on Feb 6, 2024.
             Quit the game on level 6 of the Dungeon.
             The game lasted 00:02:59 (162 turns).

Esekla the Sneak (Octopode Delver)                   Turns: 162, Time: 00:02:59

Health: 21/21      AC:  1    Str: 11    XL:     2   Next: 12%
Magic:  2/2        EV: 13    Int: 12    God:
Gold:   0          SH:  0    Dex: 13    Spells: 1/1 levels left

rFire   . . .        a - +0 falchion
rCold   . . .        (no shield)
rNeg    . . .        (helmet restricted)
rPois   .            (no amulet)
rElec   .            (no ring)
rCorr   .            (no ring)
SInv    .            (no ring)
Will    .....        (no ring)
Stlth   ++++         (no ring)
HPRegen 0.23/turn    (no ring)
MPRegen 0.08/turn    (no ring)
                     (no ring)

%: no passive effects
@: no status effects
A: almost no armour, amphibious, 8 rings, camouflage 1, gelatinous body 1,
(nimble swimmer 1), tentacles
a: no special abilities


You were on level 6 of the Dungeon.
You visited 1 branch of the dungeon, and saw 2 of its levels.

Inventory:

Hand Weapons
 a - a +0 falchion (weapon)
Wands
 f - a wand of digging (2)
Scrolls
 b - a scroll of fog
 c - a scroll of vulnerability {unknown}
 d - a scroll of silence {unknown}
Potions
 e - a potion of ambrosia {unknown}
 g - a potion of degeneration {unknown}


   Skills:
 * Level 3.1 Fighting
 + Level 2.0 Long Blades
 * Level 2.1 Dodging
 + Level 6.9 Stealth
 * Level 0.2 Spellcasting


You had one spell level left.
You didn't know any spells.
Your spell library was empty.

Dungeon Overview and Level Annotations

Branches:
Dungeon (6/15)
 Temple: D:4-7

Altars:
Nemelex Xobeh
Trog

Shops:
D:5 [[[


Innate Abilities, Weirdness & Mutations

You cannot wear most types of armour.
You are amphibious.
You can wear up to eight rings at the same time.
Your skin changes colour to match your surroundings (Stealth+).
Your rubbery body absorbs attacks. (AC +1, EV +1)
((You are camouflaged when in or above water. (Stealth+)))
You have tentacles for arms and can constrict up to eight enemies at once.


Message History

You hear a shout!
A black bear comes into view.
An iguana comes into view.
The howler monkey hoots and howls with incredible vigour!
You hear an angry hiss.
You hear a shout!
You see here a glowing coppery potion.
e - a glowing coppery potion
There is an entrance to Vijah's Armour Shop here.
An ogre comes into view. It is wielding a +0 giant club.
An iguana comes into view.
A phantom comes into view.
The phantom moves out of view.
An orc comes into view. It is wielding a +0 club.
A hound, an adder and an orc wizard come into view.
The orc wizard shouts!
You hear a bark!
You hear an angry hiss.
An orc comes into view. It is wielding a +0 heavy hand axe.
You open the door. The phantom hits you.
There is an open door here.
Found a long sword.
Your extra speed is starting to run out.
The black bear growls angrily.
The iguana hisses angrily. x2; You hear a howl!
You feel yourself slow down.
The howler monkey hoots and howls with incredible vigour!
You hear a bark!
You hear a shout!
You hear a bark!
You hear a shout!
The howler monkey hoots and howls with incredible vigour!
You hear an angry hiss.
Found a club.
Found Tuusypp's Armour Boutique.
Found a lumpy green potion.
You see here a +0 club.
Found a stone staircase leading down.
There is an entrance to Tuusypp's Armour Boutique here.
You see here a lumpy green potion.
g - a lumpy green potion
Found a scroll labelled JIZ DERICOYTIM and a red potion.
There is a stone staircase leading down here.
You climb downwards.
There is a stone staircase leading up here.
Are you sure you want to abandon this character and quit the game? (Confirm with "yes".)

###
#..
#.#
#.##
#@.#
####


There were no monsters in sight!

Vanquished Creatures
  An adder (D:5)
1 creature vanquished.

Notes
Turn   | Place    | Note
-------+----------+-------------------------------------------
     0 | D:5      | Esekla the Octopode Delver began the quest for the Orb.
     0 | D:5      | Reached XP level 1. HP: 16/16 MP: 1/1
     0 | D:5      | Found a sparkling altar of Nemelex Xobeh.
    20 | D:5      | Reached XP level 2. HP: 21/21 MP: 2/2
    43 | D:5      | Found Joew's Armour Boutique.
    61 | D:5      | Noticed a howler monkey
    64 | D:5      | Noticed a black bear
    66 | D:5      | Found a bloodstained altar of Trog.
    86 | D:5      | Found Vijah's Armour Shop.
    88 | D:5      | Noticed a black bear
    97 | D:5      | Noticed an ogre
   104 | D:5      | Noticed a phantom
   145 | D:5      | Found Tuusypp's Armour Boutique.
   162 | D:6      | Quit the game

Illustrated notes

Levels and vault maps discovered:
D:5:      layout_basic, trog_ov_bears_minmay, nemelex_xobeh_ov_fountains_minmay,
          serial_shops, nicolae_shop_just_a_little_nook, shop, shop,
          nicolae_shop_advertising_works [nicolae_subvault_shop_adworks],
          minmay_starry_boxes
D:6:      layout_basic, kennysheep_mini, minmay_temple_entry_trees,
          serial_shops, shop, uniq_edmund

Action                     || total
---------------------------++-------
  Melee: Falchion          ||     1
         Tentacles         ||     1
  Evoke: Wand              ||     1
    Use: Scroll            ||     2
         Potion            ||     1
 Armour: Skin              ||     1

Table legend: (Time is in decaauts)
 A = Elapsed time spent in this place.
 B = Non-inter-level travel time spent in this place.
 C = Inter-level travel time spent in this place.
 D = Time resting spent in this place.
 E = Time spent auto-exploring this place.
 F = Levels seen in this place.
 G = Mean time per level.
                   A        B        C        D        E       F      G
               +--------+--------+--------+--------+--------+-----+--------+
         Total |    141 |    141 |      0 |      0 |      0 |   2 |   70.5 |
       Dungeon |    141 |    141 |      0 |      0 |      0 |   2 |   70.5 |
               +--------+--------+--------+--------+--------+-----+--------+

Top non-repeatable levels by time:
     D:5: 141 daAuts
     D:6: 0 daAuts
